 Dungeon Crawl Stone Soup version 0.31.0-11-ge490571c62 (webtiles) character file.

Game seed: 9220530846283871856

133 qw the Shooter (level 4, -4/23 HPs)
             Began as a Spriggan Hunter on Feb 4, 2024.
             Killed by divine providence
             ... invoked by an orc priest
              (14 damage)
             ... on level 3 of the Dungeon.
             The game lasted 00:00:06 (1890 turns).

qw the Shooter (Spriggan Hunter)                    Turns: 1890, Time: 00:00:06

Health: -4/23      AC:  2    Str:  7    XL:     4   Next: 94%
Magic:  5/5        EV: 20    Int: 10    God:
Gold:   121        SH:  0    Dex: 20    Spells: 3/3 levels left

rFire   . . .        a - +0 shortbow
rCold   . . .        (shield currently unavailable)
rNeg    . . .        c - +0 robe
rPois   .            (helmet restricted)
rElec   .            (no cloak)
rCorr   .            (gloves unavailable)
SInv    +            (boots unavailable)
Will    .....        (no amulet)
Stlth   ++           (no ring)
HPRegen 0.23/turn    (no ring)
MPRegen 0.09/turn

%: no passive effects
@: very quick
A: very small, no large weapons, unfitting armour, see invisible, speed 3
a: no special abilities


You were on level 3 of the Dungeon.
You visited 1 branch of the dungeon, and saw 3 of its levels.

You collected 121 gold pieces.


Innate Abilities, Weirdness & Mutations

You are very small and have problems with some larger weapons.
You are too small for most types of armour.
You have supernaturally acute eyesight. (SInv)
You cover ground extremely quickly. (Speed+++)


   Skills:
 + Level 1.9 Fighting
 - Level 5.2 Ranged Weapons
 - Level 5.0 Dodging
 - Level 1.5 Stealth


You had 3 spell levels left.
You didn't know any spells.
Your spell library was empty.

Inventory:

Hand Weapons
 a - a +0 shortbow (weapon)
Armour
 c - a +0 robe (worn)
 g - a scarf of harm
Jewellery
 i - a ring of fire
Scrolls
 e - a scroll of teleportation
 h - a scroll of blinking {unknown}
Potions
 b - 2 potions of lignification {unknown}
 d - a potion of attraction {unknown}
 f - a potion of curing {unknown}
 j - 2 potions of berserk rage {unknown}

Dungeon Overview and Level Annotations

Branches:
Dungeon (3/15)

Altars:

Shops:
D:2 :


Message History

You shoot an arrow. The orc shouts!
The arrow hits the orc but does no damage.
The orc is lightly wounded.
You hear a shout! x2
An orc comes into view. It is wielding a +0 flail.
An orc comes into view.
It is wielding a +0 short sword of flaming.
You shoot an arrow. The orc shouts!
The arrow hits the orc!
You kill the orc!
The orc moves out of view.
You shoot an arrow. The arrow hits the orc.
The orc is severely wounded.
An orc priest comes into view. It is wielding a +0 hand axe.
You shoot an arrow. The arrow hits the orc!
You kill the orc!
You shoot an arrow. The arrow hits the orc priest.
The orc priest is lightly wounded.
You shoot an arrow.
The arrow hits the orc priest but does no damage.
The orc priest is lightly wounded.
A ball python comes into view.
You shoot an arrow. The ball python hisses angrily.
The arrow hits the orc priest but does no damage.
The orc priest is lightly wounded.
The orc priest miscasts a cantrip.
You shoot an arrow. The arrow hits the orc priest!
The orc priest is heavily wounded.
The orc priest mumbles some strange prayers to Beogh against you.
Beogh smites you!
Ouch! That really hurt!
You shoot an arrow.
The arrow completely misses the orc priest.
You shoot an arrow. The arrow barely misses the orc priest.
The orc priest invokes the aid of Beogh against you.
Beogh smites you!
Ouch! That really hurt!
You die...

.#.#......................###
.#...#........#.....##..#...##
....###.##.#..####.####.###..#
...# #...#.##..# #..##.......#
.###
#...#..##.####.>..#..##### ##
#...##.....##..#####.#...# #
#........................# ###
#...#####..#########.....#
.%####...# ##.@# ###...#
#........# #...# #...#
######.......##.o... #####
#######.####.### .S ~~) ~~..
.~..


You could see an orc priest and a ball python.

Vanquished Creatures
  Jessica (D:2)
  3 adders
  2 dart slugs (D:2)
  2 orcs (D:3)
  7 ball pythons
  4 bats
  7 endoplasms
  2 giant cockroaches
  5 hobgoblins
  6 jackals
  2 quokkas
  6 frilled lizards
  12 goblins
  3 kobolds (D:2)
  8 rats
70 creatures vanquished.

Vanquished Creatures (others)
  A rat (D:2)
1 creature vanquished.

Grand Total: 71 creatures vanquished

Notes
Turn   | Place    | Note
-------+----------+-------------------------------------------
     0 | D:1      | qw the Spriggan Hunter began the quest for the Orb.
     0 | D:1      | Reached XP level 1. HP: 10/10 MP: 2/2
     0 | D:1      | 0 ||| qw: Version: 0.3-a-160-g6735b56
     0 | D:1      | 0 ||| qw: Game counter: 5484
     0 | D:1      | 0 ||| qw: Melee chars always use a shield: true
     0 | D:1      | 0 ||| qw: God list: Okawaru
     0 | D:1      | 0 ||| qw: Allow faded altars: false
     0 | D:1      | 0 ||| qw: Do Orc after clearing Dungeon:15 true
     0 | D:1      | 0 ||| qw: Do second Lair branch before Depths: true
     0 | D:1      | 0 ||| qw: Lair rune preference: random
     0 | D:1      | 0 ||| qw: Goals: Normal
     0 | D:1      | 0 ||| PLANNING D:1-11
   130 | D:1      | Found a faded altar of an unknown god.
   134 | D:1      | Reached skill level 3 in Dodging
   206 | D:1      | Reached XP level 2. HP: 14/14 MP: 3/3
   544 | D:1      | Reached XP level 3. HP: 18/18 MP: 4/4
   622 | D:1      | 622 ||| READING scroll labelled ZUXEANTYMAI.
   625 | D:1      | 625 ||| READING scroll labelled DEAJUMMUDA.
   625 | D:1      | 625 ||| IDENTIFYING brown potion
   626 | D:1      | 626 ||| DROPPING scroll of butterflies.
   627 | D:1      | 627 ||| DROPPING potion of invisibility.
   654 | D:2      | Found Qyleet's Book Shop.
   934 | D:2      | Noticed Jessica
   935 | D:2      | Killed Jessica
   936 | D:2      | Reached XP level 4. HP: 22/22 MP: 5/5
  1491 | D:2      | 1491 ||| READING scroll labelled DINATI GOYKEZ.
  1592 | D:2      | 1592 ||| READING scroll labelled TIHAEB GALOCE.
  1593 | D:2      | 1593 ||| READING scroll labelled IQOUSUIPTA.
  1593 | D:2      | 1593 ||| ENCHANTING +0 shortbow.
  1890 | D:3      | Killed from afar by an orc priest

Levels and vault maps discovered:
D:1:      psy_arrival_conway, layout_basic, hellmonk_ecumenical_altar_run_dry
D:2:      minmay_inner_zag, layout_loops_ring, serial_shops, shop,
          minmay_misc_feat_cross, st_stairs_7, uniq_jessica
D:3:      layout_rooms, nicolae_uskayaw_suspiria

Skill      XL: |  1  2  3  4 |
---------------+-------------+-----
Dodging        | 3 4 5 |  5.0
Ranged Weapons | 5 |  5.2
Fighting       | |  1.9
Stealth        | |  1.5

Action                     |  1- 3 |  4- 6 || total
---------------------------+-------+-------++-------
   Fire: Shortbow          |    70 |    83 ||   153
    Use: Scroll            |     2 |     3 ||     5
 Armour: Robe              |    11 |    10 ||    21
  Dodge: Dodged            |    17 |    29 ||    46

Table legend:
 A = Non-vault XP
 B = Vault XP
 C = Vault XP percentage of total XP
 D = Non-vault monster count
 E = Vault monster count
 F = Vault count percentage of total count
                 A         B        C        D         E       F
            +---------+---------+-------+---------+---------+-------
      Total |     141 |      50 |  26.2 |      64 |       6 |   8.6
            +---------+---------+-------+---------+---------+-------
        D:1 |      41 |       0 |   0.0 |      25 |       0 |   0.0
        D:2 |      45 |      50 |  52.6 |      20 |       6 |  23.1
        D:3 |      55 |       0 |   0.0 |      19 |       0 |   0.0
            +---------+---------+-------+---------+---------+-------
